 Dungeon Crawl Stone Soup version 0.30.0-30-g96aa6591b8 (webtiles) character file.

Game seed: 15887516745517796949

618 Descartes the Geomancer (level 7, 0/46 HPs)
             Began as a Formicid Earth Elementalist on June 29, 2023.
             Succumbed to a scorpion's poison
             ... on level 4 of the Dungeon.
             The game lasted 00:05:10 (3060 turns).

Descartes the Geomancer (FoEE)                      Turns: 3060, Time: 00:05:11

Health: 0/46       AC:  2    Str: 15    XL:     7   Next: 74%
Magic:  7/14       EV: 12    Int: 14    God:
Gold:   200        SH:  0    Dex: 14    Spells: 14/15 levels left

rFire   . . .        q - +3 hand axe (drain)
rCold   . . .        (no shield)
rNeg    . . .        a - +0 robe
rPois   .            (helmet unavailable)
rElec   .            (no cloak)
rCorr   .            (no gloves)
SInv    +            (no boots)
Will    .....        (no amulet)
Stlth   ++           (no ring)
HPRegen 0.27/turn    (no ring)
MPRegen 0.14/turn

%: no passive effects
@: lethally poisoned (0 -> -5), attractive, invisible
A: permanent stasis, dig shafts and tunnels, antennae 3, four strong arms
a: Dig, Shaft Self


You were on level 4 of the Dungeon.
You visited 1 branch of the dungeon, and saw 4 of its levels.

You collected 200 gold pieces.

Inventory:

Hand Weapons
 k - a +2 heavy long sword
 q - a +3 hand axe of draining (weapon)
Armour
 a - a +0 robe (worn)
Jewellery
 t - an amulet of the acrobat
Scrolls
 c - 8 scrolls of identify {unknown}
 f - 4 scrolls of teleportation {unknown}
 h - a scroll of noise {unknown}
 i - 3 scrolls of poison {unknown}
 j - a scroll of blinking {unknown}
 l - a scroll of enchant weapon {unknown}
 m - 2 scrolls of butterflies {unknown}
 u - a scroll of fog {unknown}
 v - a scroll of enchant armour {unknown}
Potions
 b - a potion of magic
 d - a potion of lignification {unknown}
 e - a potion of heal wounds {unknown}
 g - a potion of attraction
 o - a potion of haste {unknown}
 p - a potion of degeneration {unknown}
 r - a potion of cancellation {unknown}
 s - a potion of brilliance {unknown}


   Skills:
 + Level 2.1 Dodging
 - Level 2.4 Stealth
 + Level 4.9 Spellcasting
 - Level 1.1 Transmutations
 * Level 8.4 Earth Magic


You had 14 spell levels left.
You knew the following spells:

 Your Spells              Type           Power      Damage    Failure   Level
a - Sandblast             Erth           52%        2d12      1%          1

Your spell library contained the following spells:

 Spells                   Type           Power      Damage    Failure   Level
 Passwall                 Tmut/Erth      13%        N/A       3%          2
 Stone Arrow              Conj/Erth      30%        3d8       10%         3
 Kiss of Death            Conj/Necr      12%        2d6       19%         1
 Shock                    Conj/Air       12%        1d3       19%         1
 Petrify                  Tmut/Erth      16%        N/A       26%         4
 Confusing Touch          Hex            3%         N/A       47%         3
 Airstrike                Air            1%         2d(1-17)  87%         4
 Dispel Undead            Necr           3%         3d7       87%         4
 Manifold Assault         Tloc           3%         N/A       87%         4
 Storm Form               Tmut/Air       2%         N/A       100%        7
 Blink                    Tloc           Unusable   N/A       N/A         2
 Swiftness                Air            Unusable   N/A       N/A         3

Dungeon Overview and Level Annotations

Branches:
Dungeon (4/15)
 Temple: D:4-7

Altars:
Nemelex Xobeh
Sif Muna

Annotations:
D:3 2 transporters, LavenderCorpse's ghost, amateur MiBe


Innate Abilities, Weirdness & Mutations

You cannot be hasted, slowed, berserked, paralysed or teleported.
You can dig through walls and to a lower floor.
You have a pair of large antennae on your head. (SInv)
Your four strong arms can wield two-handed weapons with a shield.


Message History

You are lethally poisoned!
The scorpion poisons you!
Casting: Sandblast (safe; 1% risk of failure)
Confirm with . or Enter, or press ? or * to list all spells.
Aiming: Sandblast (safe; 1% risk of failure)
Press: ? - help, Shift-Dir - straight line, f/p - scorpion
Aim: a scorpion (heavily wounded, 83% to hit)
The blast of sand hits the scorpion.
The scorpion is almost dead.
* * * LOW HITPOINT WARNING * * *
You feel extremely sick. The scorpion barely misses you.
Casting: Sandblast (safe; 1% risk of failure)
Confirm with . or Enter, or press ? or * to list all spells.
Aiming: Sandblast (safe; 1% risk of failure)
Press: ? - help, Shift-Dir - straight line, f/p - scorpion
Aim: a scorpion (almost dead, 83% to hit)
The blast of sand misses the scorpion.
* * * LOW HITPOINT WARNING * * *
You feel very sick. The scorpion barely misses you.
The scorpion stings you but does no damage.
Casting: Sandblast (safe; 1% risk of failure)
Confirm with . or Enter, or press ? or * to list all spells.
Aiming: Sandblast (safe; 1% risk of failure)
Press: ? - help, Shift-Dir - straight line, f/p - scorpion
Aim: a scorpion (severely wounded, 83% to hit)
The blast of sand hits the scorpion.
You kill the scorpion!
* * * LOW HITPOINT WARNING * * *
You feel very sick.
There is a lethal amount of poison in your body!
Unknown command.
It was a potion of attraction.
You feel attractive to monsters.
* * * LOW HITPOINT WARNING * * *
You feel sick.
It was a potion of invisibility.
You fade into invisibility!
You die...

# #####.......#
....)....... #
#...........#
#...........
###........>..
#...........
.#........<..#
#...>...###
.............##
#........#
..............###
#...##.....##
..........†..#..###....#
#......#
............###...?..#
##......
............##..@....#
##.....
............#...##...#
#..... ..............###
...# ##....
.............## #...
#.... ...........### ..
##... ..........## .
...... .........##
#....## .........# ##..#
........## #..


There were no monsters in sight!

Vanquished Creatures
  Grinder (D:3)
  A phantom (D:4)
  2 scorpions (D:4)
  2 orc priests (D:4)
  2 orc wizards (D:3)
  5 adders
  2 worms (D:4)
  2 dart slugs
  12 orcs
  6 ball pythons
  8 endoplasms
  A giant cockroach (D:1)
  3 goblins
  2 hobgoblins
  A kobold (D:4)
  5 quokkas
  5 bats
  A frilled lizard (D:1)
  2 rats
63 creatures vanquished.

Vanquished Creatures (others)
  An orc wizard (D:3)
1 creature vanquished.

Grand Total: 64 creatures vanquished

Notes
Turn   | Place    | Note
-------+----------+-------------------------------------------
     0 | D:1      | Descartes the Formicid Earth Elementalist began the quest
                  | for the Orb.
     0 | D:1      | Reached XP level 1. HP: 13/13 MP: 3/3
   174 | D:1      | Reached skill level 4 in Earth Magic
   174 | D:1      | Reached XP level 2. HP: 19/19 MP: 0/5
   541 | D:1      | You fall into a shaft and drop 1 floor!
   678 | D:2      | Reached XP level 3. HP: 21/24 MP: 2/6
   763 | D:2      | Found a sparkling altar of Nemelex Xobeh.
  1264 | D:3      | Noticed Grinder
  1380 | D:3      | Reached skill level 5 in Earth Magic
  1380 | D:3      | Reached XP level 4. HP: 30/30 MP: 6/8
  1522 | D:3      | Killed Grinder
  1523 | D:3      | Reached skill level 6 in Earth Magic
  1523 | D:3      | Reached XP level 5. HP: 23/35 MP: 1/11
  1523 | D:3      | Reached XP level 6. HP: 27/41 MP: 1/12
  1702 | D:3      | Reached skill level 7 in Earth Magic
  1715 | D:3      | Found a transporter.
  1784 | D:3      | Found a shimmering blue altar of Sif Muna.
  1941 | D:3      | Noticed LavenderCorpse's ghost (amateur MiBe)
  1945 | D:3      | Found a transporter.
  2284 | D:4      | Reached XP level 7. HP: 39/46 MP: 7/13
  2374 | D:4      | Reached skill level 8 in Earth Magic
  3059 | D:4      | HP: 2/46 [poisoned by a scorpion]
  3060 | D:4      | Succumbed to a scorpion's poison

Illustrated notes

Levels and vault maps discovered:
D:1:      amcnicky_arrival_double_pillar, layout_basic, serial_rivers,
          chequers_serial_rivers_micro_d, chequers_serial_rivers_small_a,
          chequers_serial_rivers_marsh, chequers_serial_rivers_large_a,
          chequers_serial_rivers_micro_a, chequers_serial_rivers_small_3
D:2:      layout_loops_cross, basic_altar, chequers_serial_rivers_micro_a
D:3:      layout_rooms, kennysheep_orc_sif_temple, gammafunk_ghost_arena,
          uniq_grinder
D:4:      layout_cave_pods, palyth_stone_intersect

Skill      XL: |  1  2  3  4  5  6  7 |
---------------+----------------------+-----
Earth Magic    | 4 5 6 7 8 |  8.4
Spellcasting   | 4 |  4.9
Dodging        | 2 |  2.1
Stealth        | |  2.4
Transmutations | |  1.1

Action                     |  1- 3 |  4- 6 |  7- 9 || total
---------------------------+-------+-------+-------++-------
   Cast: Sandblast         |    40 |    41 |    39 ||   120
    Use: Potion            |       |       |     2 ||     2
 Armour: Robe              |     2 |       |     2 ||     4
  Dodge: Dodged            |    16 |    12 |     7 ||    35
